 Dungeon Sprint DCSS version 0.22.1-1-ga44c0e56f4 (webtiles) character file.

30 Eralyen the Covert (level 3, 0/16 HPs)
             Began as a Spriggan Enchanter on Sept 20, 2018.
             Slain by Ijyb
             ... wielding a +0 club
              (1 damage)
             ... in the Dungeon (Sprint I: "Red Sonja").
             The game lasted 00:00:57 (27 turns).

Eralyen the Covert (Spriggan Enchanter)               Turns: 27, Time: 00:00:57

Health: 0/16       AC:  2    Str:  4    XL:     3   Next: 3%
Magic:  4/8        EV: 18    Int: 16    God:
Gold:   0          SH:  0    Dex: 17    Spells: 4/7 levels left

rFire    . . .     SeeInvis +   a - +1 dagger
rCold    . . .     Gourm    .   (shield restricted)
rNeg     . . .     Faith    .   b - +0 robe
rPois    .         Spirit   .   (helmet restricted)
rElec    .         Reflect  .   (no cloak)
rCorr    .         Harm     .   (gloves unavailable)
MR       .....     NoTele   +   (boots unavailable)
Stlth    +++++.....             (no amulet)
HPRegen  0.05/turn              (no ring)
MPRegen  0.11/turn              (no ring)

@: very quick
A: very small, unfitting armour, see invisible, herbivore, speed 3, slow
metabolism 2
a: no special abilities


You were in the Dungeon.
You were not hungry.

You visited 1 branch

Inventory:

Hand Weapons
 a - a +1 dagger (weapon)
Armour
 b - a +0 robe (worn)
Scrolls
 j - a scroll of blinking
Potions
 e - a potion of curing
 f - a potion of heal wounds
 g - a potion of haste
 h - 2 potions of magic
 i - a potion of berserk rage
Comestibles
 d - a ration


   Skills:
 * Level 1.1 Short Blades
 - Level 3.0 Dodging
 + Level 10.4 Stealth
 - Level 2.6 Spellcasting
 - Level 3.6 Hexes


You had 4 spell levels left.
You knew the following spells:

 Your Spells              Type           Power        Failure   Level  Hunger
a - Corona                Hex            ##.....      4%          1    #......
b - Ensorcelled Hibernat  Hex/Ice        #.....       14%         2    ##.....

Your spell library contained the following spells:

 Spells                   Type           Power        Failure   Level  Hunger
 Confuse                  Hex            ##......     13%         3    ###....
 Tukima's Dance           Hex            ##......     13%         3    ###....
 Dazzling Spray           Conj/Hex       #.....       28%         3    ###....


Dungeon Overview and Level Annotations

Branches:
Dungeon (1/1)

Altars:
Sif Muna
Vehumet
Wu Jian

Annotations:
D Ijyb, Sigmund


Innate Abilities, Weirdness & Mutations

You are very small and have problems with some larger weapons.
You are too small for most types of armour.
You have supernaturally acute eyesight. (SInv)
You are a herbivore.
You cover ground extremely quickly.
You need to consume almost no food.


Message History

You start memorising the spell.
You continue memorising.
The ogre barely misses you.
You continue memorising.
The ogre misses you.
You finish memorising.
Spell assigned to 'b'.
Cast which spell? (? or * to list)
Aiming: Ensorcelled Hibernation (safe; 14% risk of failure)
Press: ? - help, Shift-Dir - straight line, f - ogre
Aim: an ogre, wielding a giant club (chance to defeat MR: 38%)
The ogre resists with some effort.
Casting: Ensorcelled Hibernation (safe; 14% risk of failure)
Confirm with . or Enter, or press ? or * to list all spells.
Aiming: Ensorcelled Hibernation (safe; 14% risk of failure)
Press: ? - help, Shift-Dir - straight line, f - Ijyb, p - ogre
Aim: Ijyb, wielding a club and wearing a ring mail (chance to defeat MR: 48%) Ijyb resists with some effort.
Sigmund hits you from afar with a scythe.
* * * LOW HITPOINT WARNING * * *
The ogre completely misses you. Ijyb hits you with a club.
You die...

################
#<.#..'..#.@'g$#
#..'..#..'O.#$$+
#..#####+#####'#
#..# #=# #..#
##@# #..# #+#O.+
#⌠⌠# +.@g_# ####
#_.#+# ##+#


You could see Sigmund, an ogre and Ijyb.

Vanquished Creatures
  A jelly (D)
1 creature vanquished.

Notes
Turn   | Place    | Note
-------+----------+-------------------------------------------
     0 | D        | Eralyen the Spriggan Enchanter began the quest for the Orb.
     0 | D        | Reached XP level 1. HP: 9/9 MP: 5/5
     2 | D        | Noticed Ijyb
     6 | D        | Noticed an ogre
    10 | D        | Noticed Sigmund
    16 | D        | Found a deep blue altar of Sif Muna.
    17 | D        | Found an ornate altar of the Wu Jian Council.
    17 | D        | Noticed a jelly
    18 | D        | Found a radiant altar of Vehumet.
    22 | D        | Killed a jelly
    22 | D        | Reached skill level 10 in Stealth
    22 | D        | Reached XP level 2. HP: 2/13 MP: 6/6
    22 | D        | Reached XP level 3. HP: 2/16 MP: 8/8
    26 | D        | Learned a level 2 spell: Ensorcelled Hibernation
    27 | D        | Slain by Ijyb

Skill      XL: |  1 |
---------------+----+-----
Stealth        | 10 | 10.4
Short Blades   | |  1.1
Dodging        | |  3.0
Spellcasting   | |  2.6
Hexes          | |  3.6

Action                   || total
-------------------------++-------
Melee: Dagger            ||     1
 Cast: Ensorcelled Hiber ||     2
 Stab: Sleeping          ||     1
Dodge: Dodged            ||     6
